TOP OF THE 1ST |
Winchester Cosmos batting - Pitching for Augusta Timber Hawks : RHP Garland Holt
|
Pitching: RHP Garland Holt
|
|
Batting: RHB Ángel González
|
0-0: Ball 1-0: Fly out, F7 (Flyball, 7LMF)
|
Batting: SHB Joe Mueller
|
0-0: Ball 1-0: Ball 2-0: Called Strike 2-1: Ball 3-1: Foul Ball, location: 2F 3-2: Base on Balls
|
Batting: RHB Everett Chambers
|
0-0: Foul Ball, location: 2F 0-1: Ball Joe Mueller steals 2nd base 1-1: 2-RUN HOME RUN (Flyball, 7D), Distance : 412 ft
|
Batting: RHB Richard Weaver
|
0-0: Called Strike 0-1: SINGLE (Groundball, 34S) (infield hit)
|
Batting: RHB Jim Browning
|
0-0: Called Strike 0-1: Ball 1-1: Foul Ball, location: 2F 1-2: Ball 2-2: Ball 3-2: Ground out 2-3 (Groundball, 25) Richard Weaver to second
|
Batting: RHB Scott Lacy
|
0-0: Foul Ball, location: 2F 0-1: Called Strike 0-2: Ball 1-2: Strikes out swinging
|
Top of the 1st over - 2 run(s), 2 hit(s), 0 error(s), 1 left on base; Winchester 2 - Augusta 0 |
BOTTOM OF THE 1ST |
Augusta Timber Hawks batting - Pitching for Winchester Cosmos : LHP David Taylor
|
Pitching: LHP David Taylor
|
|
Batting: RHB Dave Bush
|
0-0: DOUBLE (Line Drive, 78M)
|
Batting: LHB Ramón Castellanos
|
0-0: Ball 1-0: Ball 2-0: Called Strike 2-1: Ground out 4-3 (Groundball, 4) Dave Bush to third
|
Batting: LHB Bob Hensley
|
0-0: Ball 1-0: Ball Wild Pitch! Dave Bush scores 2-0: Called Strike 2-1: Ball 3-1: Foul Ball, location: 2F 3-2: Base on Balls
|
Batting: RHB Mark Cunningham
|
0-0: Ball 1-0: Called Strike 1-1: Called Strike 1-2: Strikes out swinging
|
Batting: RHB Ed Farías
|
0-0: Called Strike 0-1: Ball 1-1: Ball 2-1: 2-RUN HOME RUN (Flyball, 7D), Distance : 424 ft
|
Batting: RHB William Jefferson
|
0-0: Foul Ball, location: 2F 0-1: DOUBLE (Line Drive, 7M)
|
Batting: LHB Dennis O'Connor
|
0-0: Ball 1-0: Called Strike 1-1: Ball 2-1: Swinging Strike 2-2: Foul Ball, location: 2F 2-2: Foul Ball, location: 2F 2-2: Foul Ball, location: 2F 2-2: Ball 3-2: 2-RUN HOME RUN (Flyball, 8RXD), Distance : 444 ft
|
Batting: RHB José González
|
0-0: Ball 1-0: Ground out 1-3 (Groundball, 15)
|
Bottom of the 1st over - 5 run(s), 4 hit(s), 0 error(s), 0 left on base; Winchester 2 - Augusta 5 |
TOP OF THE 2ND |
Winchester Cosmos batting - Pitching for Augusta Timber Hawks : RHP Garland Holt
|
Batting: RHB Ryan Carr
|
0-0: Ball 1-0: Fly out, F4 (Popup, 34)
|
Batting: RHB Michael Hicks
|
0-0: Called Strike 0-1: Called Strike 0-2: Foul Ball, location: 2F 0-2: Ball 1-2: SINGLE (Groundball, 6MD)
|
Batting: RHB John Robinson
|
0-0: Ball 1-0: Ball 2-0: Called Strike 2-1: 2-RUN HOME RUN (Flyball, 89XD), Distance : 436 ft
|
Batting: RHB Ángel González
|
0-0: Called Strike 0-1: SINGLE (Groundball, 25) (infield hit)
|
Batting: SHB Joe Mueller
|
0-0: Foul Ball, location: 2F 0-1: Grounds into double play, 6-4-3 (Groundball, 6)
|
Top of the 2nd over - 2 run(s), 3 hit(s), 0 error(s), 0 left on base; Winchester 4 - Augusta 5 |
BOTTOM OF THE 2ND |
Augusta Timber Hawks batting - Pitching for Winchester Cosmos : LHP David Taylor
|
Batting: RHB John Dougherty
|
0-0: Ball 1-0: Ball 2-0: SINGLE (Line Drive, 3D)
|
Pitching: RHP Andrés Hernández
|
|
Batting: RHB Dave Bush
|
0-0: Ball 1-0: Ball 2-0: SINGLE (Line Drive, 7S) John Dougherty to second
|
Batting: LHB Ramón Castellanos
|
0-0: Called Strike 0-1: Swinging Strike 0-2: Ball 1-2: Ball 2-2: Strikes out looking
|
Batting: LHB Bob Hensley
|
0-0: Hit by Pitch John Dougherty to third Dave Bush to second
|
Batting: RHB Mark Cunningham
|
0-0: Called Strike 0-1: Ball 1-1: Foul Ball, location: 2F 1-2: Ball 2-2: Ball 3-2: Fly out, F9 (Flyball, 89S)
|
Batting: RHB Ed Farías
|
0-0: Swinging Strike 0-1: Ball 1-1: Foul Ball, location: 2F 1-2: Ball 2-2: Foul Ball, location: 2F 2-2: Fly out, F2 (Popup, 2R)
|
Bottom of the 2nd over - 0 run(s), 2 hit(s), 0 error(s), 3 left on base; Winchester 4 - Augusta 5 |
TOP OF THE 3RD |
Winchester Cosmos batting - Pitching for Augusta Timber Hawks : RHP Garland Holt
|
Batting: RHB Everett Chambers
|
0-0: Foul Ball, location: 2F 0-1: Called Strike 0-2: Ball 1-2: Ball 2-2: Strikes out swinging
|
Batting: RHB Richard Weaver
|
0-0: Ball 1-0: Ground out 5-3 (Groundball, 5S)
|
Batting: RHB Jim Browning
|
0-0: DOUBLE (Flyball, 89XD)
|
Batting: RHB Scott Lacy
|
0-0: Called Strike 0-1: Ball 1-1: Ball 2-1: Ball 3-1: Base on Balls
|
Batting: RHB Ryan Carr
|
0-0: Called Strike 0-1: Ball 1-1: Fly out, F8 (Flyball, 8LM)
|
Top of the 3rd over - 0 run(s), 1 hit(s), 0 error(s), 2 left on base; Winchester 4 - Augusta 5 |
BOTTOM OF THE 3RD |
Augusta Timber Hawks batting - Pitching for Winchester Cosmos : RHP Andrés Hernández
|
Batting: RHB William Jefferson
|
0-0: Ball 1-0: Swinging Strike 1-1: SINGLE (Groundball, 56D) (infield hit)
|
Batting: LHB Dennis O'Connor
|
0-0: Called Strike 0-1: Fly out, F3 (Popup, 3SF)
|
Batting: RHB José González
|
0-0: Ball 1-0: Ball 2-0: Fly out, F4 (Popup, 34)
|
Batting: RHB John Dougherty
|
0-0: Ball 1-0: Foul Ball, location: 2F 1-1: Ball 2-1: Foul Ball, location: 2F 2-2: Ground out 4-3 (Groundball, 4)
|
Bottom of the 3rd over - 0 run(s), 1 hit(s), 0 error(s), 1 left on base; Winchester 4 - Augusta 5 |
TOP OF THE 4TH |
Winchester Cosmos batting - Pitching for Augusta Timber Hawks : RHP Garland Holt
|
Batting: RHB Michael Hicks
|
0-0: Ball 1-0: Foul Ball, location: 2F 1-1: Ball 2-1: Swinging Strike 2-2: Ball 3-2: Fly out, F9 (Flyball, 89M)
|
Batting: RHB John Robinson
|
0-0: Foul Ball, location: 2F 0-1: Ground out 6-3 (Groundball, 6)
|
Batting: RHB Ángel González
|
0-0: Ball 1-0: Called Strike 1-1: SINGLE (Groundball, 56D)
|
Batting: SHB Joe Mueller
|
0-0: Ball 1-0: Ball 2-0: Called Strike 2-1: DOUBLE (Groundball, 3L) Ángel González to third Runner from 3rd tries for Home, SAFE, no throw or cutoff
|
Pitching: RHP Eric Collins
|
|
Batting: RHB Everett Chambers
|
0-0: Ball 1-0: Ball 2-0: Foul Ball, location: 2F 2-1: Ground out 6-3 (Groundball, 6S)
|
Top of the 4th over - 1 run(s), 2 hit(s), 0 error(s), 1 left on base; Winchester 5 - Augusta 5 |
BOTTOM OF THE 4TH |
Augusta Timber Hawks batting - Pitching for Winchester Cosmos : RHP Andrés Hernández
|
Batting: RHB Dave Bush
|
0-0: Called Strike 0-1: SOLO HOME RUN (Flyball, 8RXD) (Inside the Park)
|
Batting: LHB Ramón Castellanos
|
0-0: Called Strike 0-1: Ball 1-1: Ball 2-1: Ball 3-1: Ground out 3-1 (Groundball, 34S)
|
Batting: LHB Bob Hensley
|
0-0: Ball 1-0: Called Strike 1-1: Fly out, F6 (Line Drive, 6)
|
Batting: RHB Mark Cunningham
|
0-0: Ball 1-0: Ball 2-0: Ball 3-0: Base on Balls
|
Batting: RHB Ed Farías
|
0-0: Foul Ball, location: 2F 0-1: Ground out 4-3 (Groundball, 4)
|
Bottom of the 4th over - 1 run(s), 1 hit(s), 0 error(s), 1 left on base; Winchester 5 - Augusta 6 |
TOP OF THE 5TH |
Winchester Cosmos batting - Pitching for Augusta Timber Hawks : RHP Eric Collins
|
Batting: RHB Richard Weaver
|
0-0: Swinging Strike 0-1: Ball 1-1: Foul Ball, location: 2F 1-2: Strikes out swinging
|
Batting: RHB Jim Browning
|
0-0: Ball 1-0: Swinging Strike 1-1: Swinging Strike 1-2: Strikes out looking
|
Batting: RHB Scott Lacy
|
0-0: Ground out 5-3 (Groundball, 5L)
|
Top of the 5th over - 0 run(s), 0 hit(s), 0 error(s), 0 left on base; Winchester 5 - Augusta 6 |
BOTTOM OF THE 5TH |
Augusta Timber Hawks batting - Pitching for Winchester Cosmos : RHP Andrés Hernández
|
Batting: RHB William Jefferson
|
0-0: Ground out 6-3 (Groundball, 6)
|
Batting: LHB Dennis O'Connor
|
0-0: Ball 1-0: Ball 2-0: Ball 3-0: Called Strike 3-1: Ground out 1-3 (Groundball, 13)
|
Pitching: RHP Woodrow Foster
|
|
Batting: RHB José González
|
0-0: Ball 1-0: Ball 2-0: Called Strike 2-1: SINGLE (Line Drive, 8RS)
|
Batting: RHB John Dougherty
|
0-0: Ball 1-0: Foul Ball, location: 2F 1-1: Swinging Strike 1-2: Fly out, F7 (Flyball, 78S)
|
Bottom of the 5th over - 0 run(s), 1 hit(s), 0 error(s), 1 left on base; Winchester 5 - Augusta 6 |
TOP OF THE 6TH |
Winchester Cosmos batting - Pitching for Augusta Timber Hawks : RHP Eric Collins
|
Batting: RHB Ryan Carr
|
0-0: Bunt missed! 0-1: Ball 1-1: DOUBLE (Flyball, 9LS)
|
Batting: RHB Michael Hicks
|
0-0: Ball 1-0: Foul Ball, location: 2F 1-1: Ball 2-1: Ball 3-1: Base on Balls
|
Batting: RHB John Robinson
|
0-0: Fly out, F8 (Flyball, 8LM)
|
Batting: RHB Ángel González
|
0-0: Ball 1-0: Foul Ball, location: 2F 1-1: Called Strike 1-2: Fly out, F8 (Flyball, 8LM)
|
Batting: SHB Joe Mueller
|
0-0: Called Strike 0-1: Foul Ball, location: 2F 0-2: Ball 1-2: Fly out, F9 (Flyball, 9LM)
|
Top of the 6th over - 0 run(s), 1 hit(s), 0 error(s), 2 left on base; Winchester 5 - Augusta 6 |
BOTTOM OF THE 6TH |
Augusta Timber Hawks batting - Pitching for Winchester Cosmos : RHP Woodrow Foster
|
Batting: RHB Dave Bush
|
0-0: Called Strike 0-1: Ball 1-1: Foul Ball, location: 2F 1-2: Strikes out looking
|
Batting: LHB Ramón Castellanos
|
0-0: Ball 1-0: Ball 2-0: Called Strike 2-1: Foul Ball, location: 2F 2-2: Foul Ball, location: 2F 2-2: Fly out, F8 (Flyball, 89M)
|
Batting: LHB Bob Hensley
|
0-0: Foul Ball, location: 2F 0-1: Called Strike 0-2: Ball 1-2: Foul Ball, location: 2F 1-2: Foul Ball, location: 2F 1-2: Ball 2-2: Ground out 1-3 (Groundball, 13)
|
Bottom of the 6th over - 0 run(s), 0 hit(s), 0 error(s), 0 left on base; Winchester 5 - Augusta 6 |
TOP OF THE 7TH |
Winchester Cosmos batting - Pitching for Augusta Timber Hawks : RHP Eric Collins
|
Pitching: LHP Jonathon Baker
|
|
Batting: RHB Everett Chambers
|
0-0: Foul Ball, location: 2F 0-1: Ball 1-1: Ball 2-1: SINGLE (Line Drive, 34)
|
Batting: RHB Richard Weaver
|
0-0: Ball 1-0: Ball 2-0: Called Strike 2-1: SINGLE (Line Drive, 6M) Everett Chambers to second
|
Pinch Hitting: RHB Júlio Aguirre
|
0-0: Foul Ball, location: 2F 0-1: Foul Ball, location: 2F 0-2: SINGLE (Groundball, 56D) Everett Chambers to third Richard Weaver to second
|
Pinch Hitting: RHB Dewey McClellan
|
0-0: Swinging Strike 0-1: Ball 1-1: Called Strike 1-2: Foul Ball, location: 2F 1-2: Ball 2-2: Strikes out swinging
|
Batting: RHB Ryan Carr
|
0-0: Ball 1-0: Ball 2-0: Grounds into fielders choice 1-2 (Groundball, 13S) Richard Weaver to third Júlio Aguirre to second
|
Pinch Hitting: LHB Don Sullivan
|
0-0: Called Strike 0-1: Ball 1-1: Foul Ball, location: 2F 1-2: Ball 2-2: Ground out 6-3 (Groundball, 6)
|
Top of the 7th over - 0 run(s), 3 hit(s), 0 error(s), 3 left on base; Winchester 5 - Augusta 6 |
BOTTOM OF THE 7TH |
Augusta Timber Hawks batting - Pitching for Winchester Cosmos : RHP Woodrow Foster
|
Now at 1B: Don Sullivan
|
|
Now at 2B: Júlio Aguirre
|
|
Now in CF: Lou Woodward
|
|
Batting: RHB Mark Cunningham
|
0-0: Foul Ball, location: 2F 0-1: Called Strike 0-2: Fly out, F7 (Flyball, 78M)
|
Batting: RHB Ed Farías
|
0-0: Called Strike 0-1: Ball 1-1: Foul Ball, location: 2F 1-2: Strikes out swinging
|
Batting: RHB William Jefferson
|
0-0: Foul Ball, location: 2F 0-1: Ball 1-1: Fly out, F7 (Flyball, 78M)
|
Bottom of the 7th over - 0 run(s), 0 hit(s), 0 error(s), 0 left on base; Winchester 5 - Augusta 6 |
TOP OF THE 8TH |
Winchester Cosmos batting - Pitching for Augusta Timber Hawks : LHP Jonathon Baker
|
Pitching: RHP Victor Day
|
|
Now in LF: Kyle Bass
|
|
Batting: RHB John Robinson
|
0-0: Ball 1-0: Called Strike 1-1: Foul Ball, location: 2F 1-2: Ball 2-2: Ball 3-2: Foul Ball, location: 2F 3-2: Strikes out swinging
|
Batting: RHB Ángel González
|
0-0: Ground out 6-3 (Groundball, 6)
|
Batting: SHB Joe Mueller
|
0-0: Called Strike 0-1: Ball 1-1: Ball 2-1: Foul Ball, location: 2F 2-2: Ball 3-2: Fly out, F8 (Flyball, 8LS)
|
Top of the 8th over - 0 run(s), 0 hit(s), 0 error(s), 0 left on base; Winchester 5 - Augusta 6 |
BOTTOM OF THE 8TH |
Augusta Timber Hawks batting - Pitching for Winchester Cosmos : RHP Woodrow Foster
|
Pitching: LHP Ricardo Ávila
|
|
Batting: LHB Kyle Bass
|
0-0: Foul Ball, location: 2F 0-1: Ball 1-1: Swinging Strike 1-2: Ball 2-2: Ball 3-2: Foul Ball, location: 2F 3-2: Foul Ball, location: 2F 3-2: Strikes out looking
|
Pitching: LHP Matt Green
|
|
Batting: RHB José González
|
0-0: Foul Ball, location: 2F 0-1: Ball 1-1: Swinging Strike 1-2: Reached on error, E4 (Groundball, 4S)
|
Batting: RHB John Dougherty
|
0-0: Ball 1-0: Swinging Strike 1-1: Foul Ball, location: 2F 1-2: Ball 2-2: Grounds into double play, 3-6-1 (Groundball, 3)
|
Bottom of the 8th over - 0 run(s), 0 hit(s), 1 error(s), 0 left on base; Winchester 5 - Augusta 6 |
TOP OF THE 9TH |
Winchester Cosmos batting - Pitching for Augusta Timber Hawks : RHP Victor Day
|
Pitching: LHP Jorge Ybarra
|
|
Batting: RHB Everett Chambers
|
0-0: Ball 1-0: Called Strike 1-1: Ball 2-1: Foul Ball, location: 2F 2-2: Foul Ball, location: 2F 2-2: Strikes out swinging
|
Batting: RHB Richard Weaver
|
0-0: Ball 1-0: Ball 2-0: SINGLE (Groundball, 4MD)
|
Batting: RHB Júlio Aguirre
|
0-0: Fielders Choice at 2nd, U6 (Groundball, 6M)
|
Batting: RHB Lou Woodward
|
0-0: Foul Ball, location: 2F 0-1: Ball 1-1: Called Strike 1-2: Ball 2-2: Ball 3-2: Ground out 1-3 (Groundball, 15)
|
Top of the 9th over - 0 run(s), 1 hit(s), 0 error(s), 1 left on base; Winchester 5 - Augusta 6 |
|